Map: Deathaura LE

Players

Kelazhur

  • Race: Terran Terran
  • Spawn Location: 11:00

SpeCial - Winner!

  • Race: Terran Terran
  • League: Master
  • Spawn Location: 5:00

Event: DreamHack SC2 Masters 2020 Winter

VOD

Have the link to the VOD?

Description

Time

  • Played on: Oct. 24, 2020, 4:38 p.m.
  • Length: 18:42

All games in this series

Show
View Real Time Build Order
Export as new Build Order

Kelazhur Terran 

Build Orders:  

Get SALT Encoding   

  12  0:00  SCV  
  13  0:12  SCV  
  14  0:17  Supply Depot  
  14  0:25  SCV  
  15  0:38  SCV  
  15  0:40  Barracks  
  16  0:43  Refinery  
  16  0:50  SCV  
  16  0:52  Refinery  
  17  1:03  SCV  
  18  1:15  SCV  
  19  1:27  Reaper, Orbital Command  
  19  1:28  Supply Depot  
  20  1:41  Factory  
  20  1:52  SCV  
  21  1:59  Reaper  
  22  2:05  SCV  
  23  2:17  SCV  
  23  2:20  Command Center  
  24  2:26  Hellion  
  24  2:29  SCV  
  26  2:41  SCV, Barracks Reactor  
  27  2:46  Starport  
  27  2:47  Hellion  
  29  2:53  SCV  
  29  2:56  Supply Depot  
  30  3:05  SCV  
  31  3:14  Factory Tech Lab  
  28  3:20  SCV  
  28  3:24  Marine x2  
  28  3:25  Starport Tech Lab  
  31  3:32  SCV  
  30  3:40  Cyclone  
  32  3:42  Marine x2  
  32  3:44  SCV  
  35  3:51  Raven  
  35  3:52  Refinery  
  37  3:56  SCV  
  37  4:00  Orbital Command  
  38  4:03  Marine x2  
  38  4:08  SCV  
  41  4:13  Siege Tank  
  44  4:20  SCV  
  44  4:21  Marine x2  
  47  4:25  SCV  
  47  4:30  Supply Depot  
  48  4:33  SCV  
  48  4:37  SCV  
  50  4:39  Raven  
  50  4:41  Marine x2  
  54  4:51  SCV x2  
  54  4:55  Siege Tank  
  57  5:01  Supply Depot  
  57  5:03  SCV x2, Supply Depot  
  59  5:11  Marine x2  
  61  5:15  SCV  
  61  5:19  Command Center  
  62  5:25  Supply Depot  
  62  5:28  SCV, Siege Tank  
  67  5:33  Viking  
  67  5:35  Viking  
  70  5:38  SCV  
  70  5:40  SCV, Marine  
  73  5:43  Stimpack  
  73  5:50  SCV  
  73  5:52  SCV  
  75  5:58  Refinery, Marine  
  75  6:03  Viking  
  78  6:05  Viking, SCV  
  78  6:09  SCV  
  82  6:16  Barracks x2  
  82  6:17  SCV  
  83  6:20  Siege Tank  
  83  6:27  Marine  
  83  6:28  SCV  
  83  6:30  SCV  
  83  6:32  Supply Depot  
  86  6:34  Orbital Command  
  86  6:38  Viking  
  86  6:39  Viking  
  90  6:42  SCV  
  90  6:45  SCV  
  92  6:52  Orbital Command  
  92  6:54  SCV  
  92  6:58  SCV  
  94  7:05  Barracks Reactor x2  
  94  7:07  SCV, Engineering Bay x2  
  95  7:15  SCV  
  95  7:17  SCV  
  95  7:20  Viking x2  
  95  7:21  Marine, Siege Tank  
  105  7:24  SCV  
  105  7:28  Supply Depot  
  105  7:29  SCV  
  108  7:30  SCV  
  107  7:40  SCV, Marine  
  90  7:47  Marine x2  
  90  7:48  Marine x2  
  90  7:49  SCV  
  86  7:53  Siege Tank  
  86  7:54  SCV  
  86  7:57  Combat Shield  
  86  7:58  Marine  
  90  8:00  SCV  
  90  8:02  Terran Infantry Weapons Level 1  
  90  8:05  Terran Infantry Armor Level 1  
  92  8:08  SCV, Command Center  
  92  8:11  Marine x3  
  92  8:12  Marine  
  97  8:13  SCV  
  97  8:16  Marine  
  99  8:22  SCV  
  99  8:23  SCV  
  101  8:28  Supply Depot  
  101  8:31  Barracks  
  101  8:32  Siege Tank  
  101  8:34  Barracks  
  104  8:38  Viking x2  
  108  8:41  Refinery x2  
  108  8:49  Armory, Marine x5  
  108  8:54  SCV x3  
  116  9:01  Sensor Tower  
  115  9:06  Marine x2  
  115  9:07  Marine  
  118  9:11  Marine  
  118  9:12  Supply Depot x2, Missile Turret, Marine  
  118  9:14  Missile Turret, Siege Tank  
  123  9:18  Medivac  
  124  9:25  Marine  
  124  9:26  Barracks Reactor x2, Supply Depot x2  
  124  9:29  Marine x3  
  124  9:30  Medivac  
  130  9:33  Marine  
  130  9:37  Planetary Fortress  
  131  9:39  SCV x3  
  131  9:41  Missile Turret  
  131  9:43  Marine  
  135  9:46  Siege Tank  
  135  9:51  SCV x2, Supply Depot, Marine x4  
  135  9:52  SCV  
  145  9:53  Terran Vehicle Weapons Level 1  
  145  9:58  Factory  
  144  10:00  Medivac x2  
  144  10:03  SCV x2  
  144  10:04  SCV  
  151  10:09  Marine  
  151  10:10  Marine x6  
  151  10:13  Terran Infantry Weapons Level 2  
  157  10:16  Terran Infantry Armor Level 2  
  157  10:20  Marine  
  158  10:21  Siege Tank  
  161  10:30  Refinery  
  161  10:31  SCV x2, Barracks Reactor, Refinery  
  161  10:32  Marine  
  161  10:33  Marine x6  
  169  10:47  Marine  
  155  10:50  Marine  
  155  10:51  Marine x3  
  155  10:53  Siege Tank  
  155  10:56  Marine x2  
  150  10:59  Factory Tech Lab  
  150  11:00  Starport  
  150  11:01  Starport  
  150  11:04  SCV x2  
  150  11:05  Marine  
  153  11:11  Marine  
  153  11:12  Marine x6  
  153  11:13  Marine  
  153  11:16  Viking x2  
  165  11:19  Supply Depot  
  165  11:27  Sensor Tower  
  165  11:29  Marine x2  
  164  11:34  Marine  
  164  11:35  Viking  
  167  11:45  Viking  
  167  11:46  Viking  
  169  11:54  Marine x3  
  139  11:57  Marine x7  
  139  11:58  Siege Tank  
  139  11:59  Siege Tank  
  152  12:04  Barracks  
  152  12:05  Barracks  
  152  12:08  Barracks  
  137  12:12  Marine x3  
  137  12:13  Command Center  
  137  12:14  Marine  
  137  12:15  Marine x2  
  139  12:16  Starport Tech Lab x2  
  139  12:20  Liberator x2  
  144  12:23  SCV  
  142  12:31  Marine x5  
  142  12:35  Marine  
  142  12:36  Terran Infantry Weapons Level 3, Marine  
  141  12:41  Marine  
  138  12:46  Marine  
  138  12:47  Terran Vehicle Weapons Level 2, Marine, Siege Tank  
  138  12:49  Marine x3  
  139  12:57  Marine  
  139  12:58  Marine x3  
  143  13:00  Siege Tank  
  143  13:02  Terran Infantry Armor Level 3, Marine  
  145  13:09  Orbital Command  
  140  13:22  Marine  
  140  13:23  Viking x2, Marine  
  140  13:26  Raven x2  
  127  13:39  Refinery, Sensor Tower  
  127  13:42  Marine  
  128  13:50  Marine  
  128  13:51  Marine x6  
  128  13:52  Siege Tank x2  
  128  13:55  Viking x2  
  145  14:03  Marine x2  
  145  14:05  Planetary Fortress  
  145  14:09  Marine  
  148  14:10  SCV x3  
  148  14:15  Missile Turret x2  
  152  14:19  Marine  
  152  14:23  Marine  
  141  14:24  Siege Tank x2  
  141  14:26  Raven x2  
  141  14:27  Viking  
  153  14:31  Marine  
  153  14:32  Marine x3  
  153  14:33  Marine  
  158  14:41  Marine  
  158  14:46  Viking  
  158  14:56  Viking  
  158  14:57  Marine  
  141  15:02  Marine  
  141  15:03  Marine x11  
  141  15:09  Viking x2  
  145  15:15  Marine  
  145  15:20  Marine  
  145  15:21  Marine x8  
  147  15:30  Terran Vehicle Weapons Level 3  
  147  15:32  Marine  
  147  15:33  Marine x2  
  147  15:34  Marine  
  145  15:36  Siege Tank  
  145  15:38  Marine x2  
  145  15:39  Marine  
  145  15:40  Viking x2  
  145  15:41  Raven x2  
  159  15:43  Marine  
  159  15:49  Marine  
  160  15:50  Marine x5  
  166  16:00  Orbital Command  
  166  16:03  SCV x3  
  169  16:05  Marine x3  
  169  16:08  Supply Depot, Marine  
  169  16:10  Supply Depot  
  172  16:11  Supply Depot, Corvid Reactor  
  172  16:19  Marine  
  172  16:24  Medivac  
  172  16:26  Barracks Reactor x2  
  172  16:30  Marine x8  
  172  16:31  Medivac  
  172  16:32  Refinery  
  181  16:33  Refinery  
  181  16:38  Raven  
  183  16:49  Liberator  
  186  17:01  Marine  
  169  17:07  Viking x2, Marine  
  156  17:18  Marine x2  
  156  17:19  Marine x10  
  156  17:20  Siege Tank x2  
  156  17:22  Command Center  
  173  17:26  Missile Turret  
  173  17:27  Missile Turret  
  173  17:32  Missile Turret  
  173  17:40  Raven x2  
  173  17:42  Marine x15  
  192  17:45  Refinery  
  192  17:56  Command Center  
  192  18:00  Marine x2  
Show
View Real Time Build Order
Export as new Build Order

SpeCial Terran - Winner!

Build Orders:  

Get SALT Encoding   

  12  0:00  SCV  
  13  0:12  SCV  
  14  0:17  Supply Depot  
  14  0:24  SCV  
  15  0:39  SCV  
  15  0:40  Barracks  
  16  0:45  Refinery  
  16  0:51  SCV  
  17  1:02  Barracks  
  17  1:04  SCV  
  18  1:16  SCV  
  19  1:28  Reaper  
  19  1:29  Orbital Command  
  20  1:34  Supply Depot  
  20  1:49  Reaper  
  21  1:55  SCV  
  22  2:06  Reaper  
  22  2:07  SCV  
  23  2:14  Command Center  
  23  2:20  SCV, Refinery  
  24  2:25  Reaper  
  25  2:31  Supply Depot  
  25  2:36  SCV  
  26  2:39  Marine  
  27  2:48  SCV  
  28  2:55  Factory  
  28  2:57  Marine  
  29  3:00  SCV  
  29  3:05  Bunker  
  30  3:12  SCV  
  31  3:15  Marine  
  31  3:24  SCV  
  31  3:33  Marine  
  31  3:35  Orbital Command  
  31  3:36  SCV  
  31  3:40  Starport, Factory Tech Lab  
  31  3:49  SCV  
  31  3:53  Barracks Reactor  
  32  4:00  SCV  
  32  4:02  Command Center  
  33  4:05  SCV  
  34  4:10  Cyclone  
  34  4:16  SCV  
  34  4:17  SCV  
  39  4:23  Refinery, Starport Tech Lab  
  39  4:28  SCV  
  39  4:30  SCV, Marine  
  39  4:31  Marine  
  43  4:40  SCV  
  43  4:41  Supply Depot  
  43  4:42  SCV  
  43  4:44  Raven  
  47  4:48  Marine x2  
  47  4:51  Siege Tank  
  52  4:53  SCV  
  52  4:54  SCV  
  52  4:58  Refinery  
  54  5:03  Supply Depot  
  54  5:05  SCV  
  54  5:06  SCV, Marine  
  54  5:07  Marine  
  57  5:09  Supply Depot  
  58  5:16  Barracks  
  58  5:17  Barracks  
  58  5:19  Orbital Command  
  58  5:21  SCV  
  59  5:22  SCV  
  59  5:26  Siege Tank  
  63  5:31  Raven  
  63  5:35  SCV x2  
  67  5:39  Orbital Command, Marine x2  
  69  5:45  Engineering Bay x2  
  69  5:48  SCV x2  
  71  5:53  Supply Depot  
  71  5:57  Marine x2  
  71  6:00  SCV x2  
  78  6:04  Siege Tank  
  78  6:09  SCV  
  81  6:12  Barracks Reactor x2, SCV  
  81  6:17  SCV  
  80  6:21  SCV  
  80  6:24  Viking x2  
  80  6:25  SCV  
  83  6:26  Marine  
  83  6:29  SCV  
  83  6:31  Sensor Tower  
  85  6:33  SCV  
  85  6:34  Terran Infantry Weapons Level 1, Terran Infantry Armor Level 1  
  85  6:37  SCV  
  86  6:41  SCV  
  86  6:44  Marine  
  86  6:45  SCV, Siege Tank  
  91  6:49  SCV  
  91  6:54  SCV, Viking  
  93  6:57  SCV  
  93  6:58  Viking  
  93  7:01  SCV  
  99  7:02  Marine x2  
  99  7:03  Marine  
  99  7:07  Supply Depot x2, Stimpack  
  101  7:09  Barracks  
  101  7:11  Barracks  
  101  7:23  Supply Depot  
  101  7:28  Viking x2, Marine x2  
  101  7:29  SCV x3, Marine x3  
  111  7:41  SCV  
  111  7:42  SCV  
  111  7:43  Siege Tank  
  102  7:45  SCV  
  102  7:46  Marine x5  
  102  7:50  Refinery x2  
  100  7:53  SCV  
  100  7:55  SCV  
  100  7:57  SCV, Supply Depot  
  101  7:58  Armory, Medivac  
  101  8:00  Barracks Reactor  
  101  8:01  Barracks Reactor  
  101  8:04  Marine x3  
  106  8:10  Medivac  
  106  8:11  Marine x2  
  110  8:13  Command Center  
  110  8:20  Supply Depot x2  
  110  8:22  Marine x3  
  110  8:24  Siege Tank  
  116  8:28  Marine  
  116  8:29  Marine  
  116  8:30  Factory  
  118  8:38  Marine x4  
  118  8:39  Marine x2  
  118  8:40  SCV x3, Marine  
  128  8:46  Marine x2  
  130  8:49  Combat Shield  
  130  8:52  SCV x2  
  130  8:55  Terran Infantry Armor Level 2, Marine x2, Terran Infantry Weapons Level 2  
  132  8:56  Supply Depot, Marine x2  
  132  8:57  Supply Depot, Marine x2  
  132  8:58  Marine  
  138  9:04  Marine x2  
  138  9:09  Medivac x2  
  144  9:11  SCV x3  
  144  9:13  Marine x2  
  144  9:15  Refinery  
  144  9:16  Refinery  
  149  9:18  Marine x4, Siege Tank  
  149  9:19  Terran Vehicle Weapons Level 1  
  149  9:21  Supply Depot x2, Marine  
  149  9:23  SCV, Marine x2  
  160  9:27  SCV x2  
  160  9:28  Sensor Tower  
  161  9:31  Marine x2  
  161  9:34  Factory Tech Lab  
  161  9:35  Planetary Fortress, Marine x4  
  167  9:39  Marine  
  167  9:41  Marine x2  
  170  9:49  Marine x2  
  172  9:53  Marine x4  
  172  9:56  Marine  
  172  9:58  Viking, Marine  
  172  9:59  Viking  
  182  10:00  Command Center, Siege Tank  
  182  10:01  Siege Tank  
  187  10:13  Marine x2  
  189  10:15  Missile Turret  
  189  10:22  Marine x3  
  189  10:23  Starport  
  189  10:24  Starport  
  191  10:28  Viking, Marine  
  191  10:29  Viking  
  191  10:33  Marine  
  196  10:43  Marine  
  196  10:48  Marine  
  196  10:49  Marine  
  196  10:50  Marine  
  196  10:51  Marine  
  196  10:53  Marine x2  
  196  10:54  Marine  
  196  10:55  Marine  
  196  10:59  Fusion Core  
  196  11:11  Viking, Planetary Fortress, Marine x2  
  196  11:13  Sensor Tower  
  196  11:15  Starport Reactor x2  
  196  11:16  Command Center  
  196  11:17  Command Center  
  200  11:20  Terran Infantry Weapons Level 3, Terran Infantry Armor Level 3  
  200  11:21  Terran Vehicle Weapons Level 2  
  200  11:31  Siege Tank  
  200  11:33  Viking, Marine  
  200  11:39  Marine x2  
  198  11:45  Marine  
  198  11:46  Marine  
  194  11:49  Marine  
  194  11:50  Marine  
  194  11:51  Marine  
  194  11:52  Marine x2  
  194  11:53  Viking x2  
  187  11:55  Viking x2  
  187  11:57  Marine x2, Siege Tank  
  191  12:03  Marine x2  
  191  12:07  Marine x2  
  188  12:09  Viking, Marine x2  
  188  12:11  Marine  
  188  12:15  Marine x2  
  188  12:18  Advanced Ballistics  
  188  12:21  Marine x2  
  190  12:25  Marine x2  
  190  12:27  Marine x2  
  190  12:29  Marine  
  189  12:33  Marine  
  187  12:41  Marine x2  
  178  12:44  Viking x2, Marine  
  178  12:45  Marine  
  178  12:46  Marine  
  178  12:49  Marine x3  
  182  12:52  Siege Tank  
  182  12:53  Siege Tank  
  182  12:54  Orbital Command  
  188  12:59  Marine  
  188  13:00  Marine  
  188  13:01  Marine  
  188  13:02  Marine  
  188  13:04  Marine x2  
  191  13:06  Medivac x2  
  191  13:07  Medivac x2, Marine  
  200  13:16  Marine  
  200  13:17  Marine  
  199  13:20  Marine x2  
  199  13:23  Marine  
  199  13:26  Marine  
  177  13:29  Medivac, Liberator  
  177  13:30  Marine  
  177  13:31  Marine  
  177  13:33  Marine  
  185  13:36  Missile Turret, Liberator  
  185  13:38  Planetary Fortress  
  185  13:40  Liberator  
  185  13:41  Liberator  
  194  13:44  Marine  
  194  13:45  Terran Vehicle Weapons Level 3  
  194  13:46  Siege Tank  
  198  13:52  Marine  
  198  13:54  Command Center  
  198  13:55  Refinery  
  199  13:56  Sensor Tower  
  199  13:58  Armory  
  199  14:00  Marine  
  200  14:07  Starport x2  
  200  14:21  Sensor Tower  
  192  14:26  Siege Tank x2  
  192  14:30  Viking  
  200  14:49  Command Center  
  200  14:50  Hi-Sec Auto Tracking, Neosteel Armor  
  192  14:54  Command Center  
  192  14:55  Marine  
  160  15:02  Siege Tank  
  160  15:03  Marine x4  
  160  15:04  Marine  
  160  15:05  Viking x3  
  160  15:06  Viking x3  
  160  15:07  Starport Tech Lab x2  
  166  15:10  Marine x3  
  166  15:12  Marine  
  169  15:21  Marine x5  
  164  15:28  Marine x3  
  171  15:30  Marine  
  132  15:35  Viking  
  173  15:36  Raven x2, Corvid Reactor  
  173  15:39  Marine x4  
  173  15:40  Marine  
  184  15:45  Marine  
  184  15:46  Marine x2  
  184  15:47  Siege Tank x2  
  184  15:48  Marine  
  188  15:52  Viking x3  
  188  15:53  Viking x2  
  188  15:56  Marine  
  188  15:57  Marine  
  195  16:02  Terran Vehicle And Ship Armor Level 1  
  195  16:04  Orbital Command  
  197  16:05  Orbital Command  
  197  16:07  Planetary Fortress  
  197  16:10  Marine x2  
  196  16:21  Viking x3  
  196  16:22  Viking  
  200  16:37  Terran Ship Weapons Level 1  
  188  17:04  Siege Tank x2  
  188  17:05  Marine  
  188  17:06  Medivac x2  
  188  17:08  Raven, Liberator x2  
  169  17:09  Marine  
  169  17:12  Viking x2  
  169  17:14  Unknown x2, Marine x3  
  169  17:15  Marine  
  186  17:16  Missile Turret  
  186  17:28  Marine x3  
  186  17:29  Marine x2  
  191  17:32  Marine x3  
  191  17:33  Marine  
  195  17:43  Siege Tank  
  198  17:45  Marine x2  
  198  17:47  Missile Turret  
  198  17:49  Missile Turret  
  200  17:59  Command Center  
  200  18:02  Command Center  
Tags
 
Add a new tag
Caveats
  • Supply blocks, unpowered buildings, or Contaminate may cause inaccurate times.
  • Supply counts are checked every 10 seconds.